Map: Dreamcatcher LE

Players

Lambo - Winner!

  • Race: Zerg Zerg
  • League: Master
  • Spawn Location: 5:00

Harstem

  • Race: Protoss Protoss
  • League: Master
  • Spawn Location: 11:00

Event: HomeStory Cup XVII

VOD

Have the link to the VOD?

Description

Time

  • Played on: June 28, 2018, 12:42 p.m.
  • Length: 9:53

All games in this series

Show
View Real Time Build Order
Export as new Build Order

Lambo Zerg - Winner!

Build Orders: Hatch First, Lurkers 

Get SALT Encoding   

  12  0:00  Drone  
  13  0:12  Overlord  
  13  0:17  Drone  
  14  0:32  Drone x2  
  16  0:48  Hatchery  
  15  0:51  Drone  
  15  0:54  Drone  
  17  0:57  Drone  
  18  1:08  Extractor  
  17  1:13  Spawning Pool  
  17  1:15  Drone  
  17  1:19  Drone  
  18  1:28  Drone  
  19  1:39  Drone  
  20  1:50  Overlord  
  20  1:59  Queen  
  20  2:00  Queen  
  24  2:01  Zergling x4  
  24  2:07  Metabolic Boost  
  26  2:11  Drone x2  
  28  2:27  Drone x2  
  30  2:34  Hatchery  
  30  2:35  Drone  
  30  2:38  Drone  
  30  2:43  Drone  
  32  2:47  Overlord  
  32  2:53  Queen  
  32  2:56  Drone  
  35  3:00  Drone  
  36  3:06  Drone x2  
  36  3:08  Drone x2  
  36  3:10  Overlord  
  36  3:12  Drone  
  41  3:14  Drone  
  41  3:16  Drone  
  41  3:19  Drone  
  44  3:24  Spore Crawler  
  44  3:25  Drone  
  44  3:28  Drone  
  44  3:31  Queen  
  44  3:33  Drone  
  48  3:39  Lair  
  48  3:40  Drone  
  49  3:43  Drone  
  49  3:44  Drone  
  49  3:47  Drone x2  
  53  3:49  Extractor  
  53  3:52  Spore Crawler, Drone  
  53  3:55  Extractor  
  50  3:56  Drone x2  
  50  4:01  Drone x3  
  55  4:04  Spore Crawler  
  55  4:06  Drone  
  55  4:10  Overlord  
  55  4:12  Drone x2  
  57  4:18  Drone x2  
  57  4:19  Drone  
  57  4:21  Drone x2  
  58  4:25  Overlord  
  58  4:32  Drone x2  
  58  4:35  Drone  
  58  4:37  Extractor  
  58  4:38  Hydralisk Den, Drone  
  59  4:42  Drone x4  
  59  4:44  Drone  
  65  4:52  Drone x2  
  64  4:53  Drone  
  64  4:59  Drone x3, Evolution Chamber  
  67  5:01  Overlord  
  67  5:08  Overlord  
  67  5:10  Muscular Augments  
  67  5:11  Hatchery  
  66  5:17  Extractor x2  
  66  5:18  Drone x2  
  66  5:23  Drone x5  
  66  5:24  Drone x2  
  72  5:29  Hydralisk x2  
  72  5:34  Zerg Missile Weapons Level 1  
  76  5:37  Lurker Den  
  76  5:38  Drone x2  
  76  5:42  Hydralisk  
  79  5:45  Hydralisk  
  81  5:52  Overlord x2  
  81  5:53  Overlord  
  81  6:00  Overlord  
  81  6:03  Drone  
  82  6:11  Overlord  
  82  6:13  Overlord, Hydralisk x6  
  82  6:15  Drone, Extractor  
  82  6:17  Drone  
  82  6:18  Drone  
  96  6:19  Drone  
  96  6:22  Grooved Spines, Overseer  
  96  6:23  Hydralisk x2  
  101  6:28  Hydralisk x2  
  105  6:33  Hydralisk x2  
  105  6:36  Hydralisk  
  105  6:38  Overlord  
  110  6:41  Hydralisk  
  110  6:45  Overlord  
  112  6:47  Hydralisk x2  
  112  6:52  Hydralisk x2  
  120  6:56  Hydralisk x2  
  120  6:57  Zergling x2  
  120  6:59  Overlord  
  125  7:03  Hydralisk  
  125  7:04  Overlord  
  127  7:08  Hydralisk  
  127  7:09  Hydralisk  
  127  7:11  Hydralisk  
  133  7:16  Hydralisk x2  
  133  7:22  Hydralisk x3  
  143  7:27  Overlord  
  140  7:30  Hydralisk x2, Zergling x2  
  140  7:32  Hydralisk  
  140  7:36  Hydralisk  
  140  7:37  Zergling x2  
  128  7:42  Hydralisk x2  
  130  7:44  Hydralisk  
  130  7:48  Hydralisk x2  
  136  7:52  Hydralisk x2  
  136  7:55  Hydralisk  
  136  7:58  Hydralisk x2  
  142  8:03  Hydralisk x2  
  150  8:10  Lurker x2  
  150  8:11  Lurker x3  
  154  8:14  Zergling x2  
  154  8:15  Zergling x6  
  154  8:17  Lurker  
  154  8:18  Hydralisk, Zergling x2  
  162  8:22  Zergling x6  
  162  8:23  Lurker  
  162  8:26  Zergling x4  
  168  8:29  Hydralisk x2  
  173  8:34  Lurker  
  173  8:39  Hydralisk  
  173  8:40  Zergling x2  
  176  8:45  Hydralisk x2  
  175  8:57  Overlord  
  175  8:59  Overlord  
  169  9:11  Hydralisk  
  169  9:12  Zergling x2  
  169  9:15  Hydralisk x2, Zergling x2  
  169  9:16  Zergling x16  
  169  9:24  Hydralisk x2  
  169  9:25  Zergling x4  
  169  9:26  Overlord, Overseer  
  177  9:35  Zergling x2  
Show
View Real Time Build Order
Export as new Build Order

Harstem Protoss 

Build Orders: 1 Gate Expand, Oracle Opening, Archon Immortal, Zealot Archon 

Get SALT Encoding   

  12  0:00  Probe  
  13  0:12  Probe  
  14  0:18  Pylon  
  14  0:24  Probe  
  15  0:33  Probe  
  15  0:41  Probe  
  15  0:42  Gateway  
  17  0:51  Probe  
  17  0:55  Assimilator  
  18  1:03  Probe  
  19  1:15  Probe  
  20  1:25  Nexus  
  20  1:34  Cybernetics Core  
  20  1:36  Probe  
  21  1:42  Assimilator  
  21  1:48  Probe  
  21  1:51  Pylon  
  22  2:00  Probe  
  22  2:01  Adept  
  23  2:12  Probe  
  26  2:17  Stargate  
  26  2:23  Probe  
  26  2:27  Warp Gate  
  27  2:30  Adept  
  27  2:31  Probe  
  30  2:37  Probe  
  30  2:39  Probe  
  32  2:49  Probe  
  32  2:50  Oracle  
  33  2:51  Probe  
  34  3:01  Probe  
  34  3:03  Probe  
  39  3:09  Pylon  
  39  3:13  Probe  
  39  3:15  Probe  
  39  3:18  Oracle  
  41  3:25  Probe  
  42  3:27  Probe  
  46  3:36  Nexus  
  46  3:37  Probe  
  46  3:40  Probe  
  48  3:47  Pylon  
  48  3:49  Probe  
  48  3:52  Probe  
  48  3:54  Assimilator  
  50  3:56  Assimilator, Pylon  
  50  4:03  Gateway  
  50  4:05  Probe  
  50  4:07  Gateway  
  51  4:12  Shield Battery  
  51  4:21  Probe  
  51  4:22  Probe  
  53  4:26  Forge  
  53  4:28  Twilight Council  
  53  4:34  Probe x2  
  53  4:35  Gateway  
  55  4:40  Stalker  
  55  4:44  Gateway  
  57  4:47  Probe  
  58  4:55  Oracle, Protoss Ground Weapons Level 1  
  58  4:57  Probe  
  58  4:59  Probe  
  60  5:00  Robotics Facility  
  60  5:01  Probe  
  60  5:05  Probe  
  61  5:07  Probe  
  61  5:09  Probe  
  61  5:11  Charge  
  61  5:13  Probe  
  64  5:15  Probe, Sentry  
  68  5:24  Probe  
  68  5:25  Probe  
  68  5:26  Probe  
  71  5:29  Pylon  
  71  5:32  Templar Archives  
  71  5:37  Probe  
  71  5:40  Gateway x2, Probe  
  74  5:43  Warp Prism  
  74  5:48  Assimilator  
  74  5:49  Probe  
  75  5:52  Probe  
  75  5:53  Gateway  
  75  5:54  Probe  
  78  6:01  Probe  
  78  6:03  Assimilator, Zealot  
  81  6:04  Probe  
  81  6:06  Probe  
  81  6:07  Pylon  
  83  6:13  Probe  
  83  6:16  Photon Cannon, Probe  
  83  6:17  High Templar x2  
  83  6:18  High Templar, Probe  
  91  6:19  Observer  
  91  6:23  Pylon  
  91  6:25  Probe, Pylon  
  93  6:26  High Templar, Pylon  
  93  6:27  Zealot  
  93  6:30  Archon  
  93  6:32  Archon, Psionic Storm  
  98  6:37  Pylon  
  98  6:42  Zealot x2  
  102  6:47  Probe  
  103  6:56  Robotics Facility  
  103  6:57  Pylon  
  103  6:59  Zealot x6  
  115  7:03  High Templar x2  
  119  7:10  Protoss Ground Weapons Level 2  
  119  7:12  Warp Prism  
  121  7:26  Probe  
  116  7:31  Zealot x5  
  116  7:32  Zealot  
  118  7:37  High Templar, Probe  
  118  7:38  High Templar  
  118  7:41  Immortal  
  118  7:42  Immortal  
  118  7:43  Probe  
  122  7:49  Probe  
  125  7:56  Pylon  
  128  8:00  Pylon, Zealot x5  
  132  8:06  Phoenix  
  132  8:08  Pylon  
  132  8:17  Immortal, Photon Cannon  
  134  8:20  Pylon  
  134  8:21  Immortal  
  140  8:29  High Templar x2, Zealot x2  
  140  8:30  Zealot  
  146  8:36  Pylon  
  146  8:38  Oracle  
  143  8:41  Zealot x3  
  143  8:43  Archon  
  149  8:54  Immortal  
  147  8:57  Immortal  
  139  9:15  Oracle  
  138  9:18  Zealot x3  
  138  9:19  Zealot x4  
  152  9:24  Zealot  
  152  9:27  Observer  
  151  9:37  Archon  
  145  9:39  Zealot x2  
  145  9:40  Zealot x2  
  119  9:50  Zealot  
Tags
 
Add a new tag
Caveats
  • Supply blocks, unpowered buildings, or Contaminate may cause inaccurate times.
  • Supply counts are checked every 10 seconds.